 Dungeon Crawl Stone Soup version 0.24.1-14-gf8d2b509d9 (webtiles) character file.

Game seed: 15298101419392174333, levelgen mode: deterministic

1584855 Bodigarde the Slayer (level 25, 230/230 HPs)
             Began as a Mummy Fighter on May 22, 2020.
             Was the Champion of Ru.
             Escaped with the Orb
             ... and 3 runes!
             The game lasted 04:49:20 (85552 turns).

Bodigarde the Slayer (Mummy Fighter)               Turns: 85552, Time: 04:49:21

Health: 230/230    AC: 53    Str: 32    XL:     25
Magic:  32/32      EV:  7    Int: 14    God:    Ru [******]
Gold:   5856       SH: 34    Dex: 14    Spells: 24/24 levels left

rFire    + + .     SeeInvis .   a - +9 demon whip (freeze)
rCold    + + .     Gourm    .   i - +8 large shield {rC+}
rNeg     + + +     Faith    .   k - +12 crystal plate armour of the Lost Path {Str+4}
rPois    ∞         Spirit   +   L - +1 hat "Ekevekil" {rF+ rCorr}
rElec    .         Reflect  .   n - +2 cloak {MR+}
rCorr    +         Harm     .   S - +2 pair of gloves
MR       +++++                  x - +1 pair of boots of Tender Moments {MP+9}
Stlth    ..........             Q - amulet of Docwus {Spirit rF+ MR+ Int+2 Stlth+}
HPRegen  0.48/turn              q - +6 ring of protection
MPRegen  0.23/turn              Z - ring "Geatount" {rPois rF+ Int+4}

@: no status effects
A: no food or potions, fire vulnerability, cold resistance 1, negative energy
resistance 3, torment resistance, unbreathing, cowardly, inability to train
dodging, reduced AC 1, inexperienced 1, in touch with death 1
0: Orb of Zot
}: 3/15 runes: decaying, serpentine, silver
a: Draw Out Power, Power Leap, Apocalypse, Renounce Religion


You escaped.
You worshipped Ru.
Ru was exalted by your worship.
You were not hungry.

You visited 10 branches of the dungeon, and saw 50 of its levels.
You also visited: Ice Cave.

You collected 8241 gold pieces.
You spent 2385 gold pieces at shops.

Inventory:

Hand Weapons
 a - a +9 demon whip of freezing (weapon)
 b - a +9 eveningstar of crushing
Missiles
 p - 3 throwing nets
 r - 21 silver boomerangs
 A - 38 boomerangs (quivered)
 B - 17 silver javelins
 E - 142 poisoned darts
Armour
 i - a +8 large shield of cold resistance (worn)
 k - the +12 crystal plate armour of the Lost Path (worn) {Str+4}
   (You found it on level 2 of the Depths)

   It affects your strength (+4).
 n - a +2 cloak of magic resistance (worn)
 x - the +1 pair of boots of Tender Moments (worn) {MP+9}
   (You found it on level 4 of the Depths)

   It affects your magic capacity (+9).
 L - the +1 hat "Ekevekil" (worn) {rF+ rCorr}
   (You acquired it on level 3 of the Snake Pit)

   It protects you from fire.
   It provides partial protection from all sources of acid and corrosion.
 S - a +2 pair of gloves (worn)
Jewellery
 q - a +6 ring of protection (left hand)
 J - an uncursed ring of protection from fire
 K - an uncursed ring of see invisible
 O - an uncursed ring of protection from cold
 Q - the amulet of Docwus (around neck) {Spirit rF+ MR+ Int+2 Stlth+}
   (You took it off an ironheart preserver on level 2 of the Vaults)

   [amulet of guardian spirit]

   It causes incoming damage to be split between your health and magic.
   It affects your intelligence (+2).
   It protects you from fire.
   It affects your resistance to hostile enchantments.
   It makes you more stealthy.
 Z - the ring "Geatount" (right hand) {rPois rF+ Int+4}
   (You took it off a deep elf annihilator on level 3 of the Elven Halls)

   [ring of protection from fire]

   It affects your intelligence (+4).
   It protects you from fire.
   It protects you from poison.
Wands
 d - a wand of clouds (12)
 g - a wand of digging (6)
 j - a wand of paralysis (55)
 l - a wand of flame (41)
 o - a wand of random effects (11)
 s - a wand of disintegration (36)
 t - a wand of iceblast (49)
 G - a wand of polymorph (58)
 N - a wand of enslavement (20)
 P - a wand of acid (43)
Scrolls
 e - 31 scrolls of teleportation
 f - 8 scrolls of immolation
 h - 9 scrolls of magic mapping
 m - 6 scrolls of fear
 w - 15 scrolls of identify
 y - 2 scrolls of holy word
 C - 25 scrolls of remove curse
 D - 2 scrolls of enchant weapon
 H - a scroll of silence
 I - 2 scrolls of fog
 V - 2 scrolls of enchant armour
Miscellaneous
 c - a phial of floods
 v - a phantom mirror
 z - a fan of gales
 F - a lightning rod (4/4)
 M - a lamp of fire


   Skills:
 + Level 25.9 Fighting
 - Level 16.0 Maces & Flails
 + Level 22.6 Armour
 + Level 22.6 Shields


You had 24 spell levels left.
You didn't know any spells.
Your spell library contained the following spells:

 Spells                   Type           Power        Failure   Level  Hunger
 Animate Skeleton         Necr           N/A          95%         1    N/A
 Apportation              Tloc           #.....       95%         1    N/A
 Confusing Touch          Hex            #.....       95%         1    N/A
 Corona                   Hex            #......      95%         1    N/A
 Flame Tongue             Conj/Fire      #....        95%         1    N/A
 Freeze                   Ice            #...         95%         1    N/A
 Infusion                 Chrm           #...         95%         1    N/A
 Magic Dart               Conj           #...         95%         1    N/A
 Sandblast                Erth           #.....       95%         1    N/A
 Shock                    Conj/Air       #...         95%         1    N/A
 Sting                    Conj/Pois      #...         95%         1    N/A
 Summon Small Mammal      Summ           #...         95%         1    N/A
 Blink                    Tloc           N/A          99%         2    N/A
 Call Imp                 Summ           #.......     99%         2    N/A
 Corpse Rot               Necr           N/A          99%         2    N/A
 Ensorcelled Hibernation  Hex/Ice        #.....       99%         2    N/A
 Passwall                 Tmut/Erth      #.......     99%         2    N/A
 Poisonous Vapours        Pois/Air       #.....       99%         2    N/A
 Searing Ray              Conj           #.....       99%         2    N/A
 Shroud of Golubria       Chrm/Tloc      #.....       99%         2    N/A
 Slow                     Hex            #.......     99%         2    N/A
 Song of Slaying          Chrm           #.......     99%         2    N/A
 Swiftness                Chrm/Air       #.......     99%         2    N/A
 Throw Flame              Conj/Fire      #.....       99%         2    N/A
 Throw Frost              Conj/Ice       #.....       99%         2    N/A
 Confuse                  Hex            #.......     100%        3    N/A
 Conjure Flame            Conj/Fire      #.......     100%        3    N/A
 Dazzling Spray           Conj/Hex       #.....       100%        3    N/A
 Gell's Gravitas          Tloc           #.........   100%        3    N/A
 Ignite Poison            Fire/Tmut/Pois #.......     100%        3    N/A
 Inner Flame              Hex/Fire       #.......     100%        3    N/A
 Lesser Beckoning         Tloc           #.........   100%        3    N/A
 Mephitic Cloud           Conj/Pois/Air  #.......     100%        3    N/A
 Ozocubu's Armour         Chrm/Ice       #.......     100%        3    N/A
 Portal Projectile        Hex/Tloc       #.....       100%        3    N/A
 Recall                   Summ/Tloc      N/A          100%        3    N/A
 Spectral Weapon          Hex/Chrm       #.......     100%        3    N/A
 Static Discharge         Conj/Air       #.......     100%        3    N/A
 Stone Arrow              Conj/Erth      #.....       100%        3    N/A
 Teleport Other           Tloc           #.......     100%        3    N/A
 Tukima's Dance           Hex            #.......     100%        3    N/A
 Vampiric Draining        Necr           #.........   100%        3    N/A
 Airstrike                Air            #.........   100%        4    N/A
 Animate Dead             Necr           N/A          100%        4    N/A
 Force Lance              Conj/Tloc      #.......     100%        4    N/A
 Fulminant Prism          Conj/Hex       #.........   100%        4    N/A
 Iskenderun's Mystic Bla  Conj           #.......     100%        4    N/A
 Olgreb's Toxic Radiance  Pois           #.......     100%        4    N/A
 Petrify                  Tmut/Erth      #.......     100%        4    N/A
 Sticky Flame             Conj/Fire      #.......     100%        4    N/A
 Summon Ice Beast         Ice/Summ       #.......     100%        4    N/A
 Throw Icicle             Conj/Ice       #.......     100%        4    N/A
 Agony                    Necr           #.......     100%        5    N/A
 Borgnjor's Vile Clutch   Necr/Erth      #.........   100%        5    N/A
 Fireball                 Conj/Fire      #.........   100%        5    N/A
 Iskenderun's Battlesphe  Conj/Chrm      #.......     100%        5    N/A
 Lee's Rapid Deconstruct  Erth           #.........   100%        5    N/A
 Lightning Bolt           Conj/Air       #.........   100%        5    N/A
 Metabolic Englaciation   Hex/Ice        #.........   100%        5    N/A
 Silence                  Hex/Air        #.........   100%        5    N/A
 Venom Bolt               Conj/Pois      #.........   100%        5    N/A
 Yara's Violent Unravell  Hex/Tmut       #.........   100%        5    N/A
 Conjure Ball Lightning   Conj/Air       #.........   100%        6    N/A
 Darkness                 Hex            #.........   100%        6    N/A
 Death Channel            Necr           #.........   100%        6    N/A
 Deflect Missiles         Chrm/Air       #.........   100%        6    N/A
 Dispersal                Tloc           #.........   100%        6    N/A
 Freezing Cloud           Conj/Ice/Air   #.........   100%        6    N/A
 Shadow Creatures         Summ           N/A          100%        6    N/A
 Simulacrum               Ice/Necr       #.........   100%        6    N/A
 Ring of Flames           Chrm/Fire      #.........   100%        7    N/A
 Controlled Blink         Tloc           N/A          100%        8    N/A
 Disjunction              Tloc           #.........   100%        8    N/A
 Regeneration             Chrm/Necr      Unusable     N/A         3    N/A
 Spider Form              Tmut/Pois      Unusable     N/A         3    N/A
 Passage of Golubria      Tloc           Unusable     N/A         4    N/A

Dungeon Overview and Level Annotations

Branches:
Dungeon (15/15)            Temple (1/1) D:7            Lair (6/6) D:10
  Swamp (4/4) Lair:2        Snake (4/4) Lair:3        Slime (0/5) Lair:6
    Orc (2/2) D:10            Elf (3/3) Orc:2        Vaults (5/5) D:14
  Crypt (0/3) Vaults:3     Depths (5/5) D:15            Zot (5/5) Depths:5
  IceCv (visited)

Altars:
Cheibriados
Dithmenos
Elyvilon
Fedhas
Hepliaklqana
Nemelex Xobeh
Qazlal
Ru
Vehumet
Beogh

Shops:
D:4 %?   D:9 }   D:10 }   D:12 *   Orc:1 *   Orc:2 (!(%}   Elf:2 %   Vaults:1 (
Vaults:2 [((!   Vaults:4 ??%   Vaults:5 %!?   Depths:2 :((   Depths:3 }=}

Portals:
Hell: Depths:1 Depths:2 Depths:3 Depths:4 Depths:5
Abyss: Depths:2 Depths:4
Pandemonium: Depths:3 Depths:5
Ziggurat: Depths:4

Annotations:
Lair:6 3 runed translucent doors, Qosk's ghost, journeyman GnTm
Swamp:3 2 transporters, execc's ghost, adept VSBe
Zot:5 exclusion: orange crystal statue


Innate Abilities, Weirdness & Mutations

You do not eat or drink.
Your flesh is vulnerable to fire.
You are immune to poison.
Your flesh is cold resistant. (rC+)
You are immune to negative energy. (rN+++)
You are immune to unholy pain and torment.
You can survive without breathing.
Your cowardice makes you less effective in combat with threatening monsters.
You cannot train Dodging skill.
You take slightly more damage. (AC -5)
You are somewhat inexperienced. (-2 XL)
You are in touch with the powers of death.


Message History

You kill the chaos spawn!
The chaos spawn degenerates into a cloud of primal chaos!
No target in view!
(D) Dungeon (T) Temple (L) Lair (S) Swamp (P) Snake Pit (M) Slime Pits (O) Orcish Mines (E) Elven Halls (V) Vaults (C) Crypt (U) Depths (H) Hell (Z) Zot
Where to? (Enter - D:1 @ (x,y), ? - help) HP restored.
You see here a +0 club.
There is a stone staircase leading up here.
You see here a scroll of noise.
You climb upwards.
There is a stone staircase leading down here.
There is a stone staircase leading up here.
You climb upwards.
There is a stone staircase leading down here.
There is an open door here.
There is a staircase leading out of the dungeon here.
You have escaped!

.........#.#.#.....#.#.##.#
########.#.#.......#.#.##.#
## #.#.###.....#.#.##.# .#
####.#........)..#.##.# .#
#..†...........#.#.##.# .##
#...######..§....#.##.# ..#
#........##≈≈≈#'......# #.#
###......#...§.#..#####
#.## #......≈..@..≈..# #..#
#......≈..⌠..§..# ##.##
#......#.§§..#..#
##..#####≈≈≈###≈§§###.#
....##%#.....#.§§...#.#
....##.≈..⌠..§..%...#.#
....##.≈.....≈......#.#
...>...#.....#......#.#
...##..'#≈≈≈##........#


There were no monsters in sight!

Vanquished Creatures
  2 orbs of fire (Zot:5)
  4 ancient liches
  6 juggernauts
  12 Killer Klowns
  Bai Suzhen (Elf:3)
  Frederick (Depths:4)
  Vashnia (Snake:2)
  A curse toe (Zot:4)
  15 golden dragons
  Jory (Depths:4)
  the Enchantress (Depths:2)
  2 bone dragons (Depths:4)
  6 electric golems
  An Ice Fiend (IceCv)
  Rupert (Lair:5)
  6 liches
  10 tentacled monstrosities
  2 deep elf blademasters (Elf:3)
  23 Orb Guardians
  10 titans
  2 deep elf master archers (Elf:3)
  A sphinx (shapeshifter) (Vaults:5)
  3 quicksilver dragons
  9 death cobs
  5 sphinxes
  12 tengu reavers
  Donald (Snake:2)
  17 storm dragons
  4 thorn hunters
  7 shadow dragons
  13 fire giants
  6 nagarajas
  3 draconian monks
  23 frost giants
  5 iron dragons
  2 ghost moths
  7 deep elf sorcerers
  6 draconian scorchers
  Aizul (Snake:2)
  2 corrupters (Depths:4)
  16 vault wardens
  Louise (Snake:4)
  2 draconian knights
  6 draconian shifters
  15 ironheart preservers
  9 deep elf elementalists
  35 very ugly things
  4 draconian stormcallers
  A war gargoyle (Vaults:5)
  7 draconian annihilators
  7 spriggan defenders
  31 stone giants
  A reaper (Zot:5)
  Nessos (D:14)
  8 deep elf demonologists
  10 green draconians
  Azrael (Orc:2)
  5 vampire knights
  7 red draconians
  4 black draconians
  8 yellow draconians
  10 purple draconians
  9 deep elf annihilators
  6 dire elephants (Lair:6)
  10 white draconians
  5 spark wasps
  8 deep elf death magi
  22 ettins
  Josephine (D:14)
  A green death (Depths:5)
  A blizzard demon (Depths:3)
  14 fire dragons
  25 yaktaur captains
  5 deep elf high priests
  A monstrous demonspawn (Depths:4)
  6 rakshasas
  4 great orbs of eyes
  9 ice dragons
  30 vault guards
  23 naga warriors
  19 hydras
  A hell beast (D:6)
  2 ghost crabs
  A satyr (shapeshifter) (Depths:4)
  5 shambling mangroves
  2 death knights
  8 centaur warriors
  3 catoblepae
  57 two-headed ogres
  11 anacondas
  16 alligators
  31 dancing weapons
  4 spriggan air magi
  8 deep troll shamans
  7 death yaks
  A vampire mage (Depths:4)
  12 ogre magi
  15 naga sharpshooters
  6 hell knights
  8 deep troll earth magi
  6 tengu warriors
  3 orc high priests (Orc:2)
  6 spriggan berserkers
  Nergalle (D:11)
  12 deep elf knights
  10 shock serpents
  4 iron trolls (Zot:3)
  2 sixfirhies
  A titan skeleton (Depths:3)
  A skeletal warrior (D:15)
  5 salamander mystics
  4 shadow wraiths
  3 spriggan druids (Swamp:3)
  8 sea snakes (Snake:4)
  4 glowing orange brains
  A torturous demonspawn (Depths:5)
  9 wizards
  An unseen horror (Vaults:1)
  A golden dragon skeleton (Depths:4)
  29 deep trolls
  3 flayed ghosts
  2 tengu zombies
  Pikel (D:7)
  13 deep elf archers
  3 phantasmal warriors (Vaults:5)
  16 orc knights
  23 ironbrand convokers
  4 naga ritualists
  10 necromancers
  An infernal demonspawn (Depths:3)
  14 swamp dragons
  6 mana vipers
  A mana viper (shapeshifter) (Depths:3)
  58 deep elf magi
  A tengu skeleton (Depths:4)
  A sphinx skeleton (Vaults:5)
  2 wolf spiders (Vaults:3)
  A fire giant zombie (Vaults:5)
  2 frost giant zombies
  2 wolf spider zombies (D:15)
  A wolf spider (shapeshifter) (Vaults:5)
  6 orc sorcerers
  7 oklob plants
  A faun (shapeshifter) (Vaults:5)
  2 manticores (D:12)
  43 ugly things
  17 salamanders
  36 moths of wrath
  4 cyclopes
  5 elephants
  18 black mambas
  11 guardian serpents
  An ice statue (IceCv)
  2 guardian serpents (shapeshifter)
  2 orange demons (Depths:5)
  11 vault sentinels
  A large abomination (D:14)
  A spiny frog (shapeshifter) (Depths:4)
  2 gargoyles
  20 naga magi
  10 spiny frogs
  58 yaktaurs
  4 centaur skeletons
  5 human zombies
  6 komodo dragons
  4 rime drakes
  An elf zombie (Vaults:5)
  3 efreet
  9 freezing wraiths
  3 anaconda simulacra (IceCv)
  A yaktaur (shapeshifter) (D:13)
  2 tengu conjurers
  A komodo dragon (shapeshifter) (Vaults:2)
  5 ice devils
  2 red devils (Depths:3)
  A yaktaur skeleton (Vaults:5)
  16 trolls
  3 meliai (D:14)
  3 tyrant leeches
  2 queen bees
  11 blink frogs
  A troll (shapeshifter) (Depths:3)
  A small abomination (Elf:3)
  A jumping spider (shapeshifter) (Depths:4)
  A polar bear (Vaults:3)
  24 hornets
  5 bog bodies
  A meliai zombie (D:14)
  9 dream sheep (Lair:6)
  8 hippogriffs
  41 slime creatures
  13 water elementals
  2 dire elephant simulacra (IceCv)
  5 shadows
  A fire giant simulacrum (Vaults:2)
  7 wraiths
  A ynoxinul (Depths:3)
  2 redbacks (shapeshifter)
  13 spriggans
  A human (D:8)
  A golden eye (shapeshifter) (Vaults:5)
  Eustachio (D:5)
  An air elemental (Elf:1)
  3 hogs (D:8)
  A basilisk (shapeshifter) (Depths:3)
  63 yaks
  A chaos spawn (D:3)
  6 fire elementals
  A yak (shapeshifter) (Vaults:1)
  3 basilisks
  A hungry ghost (D:9)
  27 vampire mosquitoes
  2 human simulacra
  A steam dragon (D:9)
  An elf skeleton (Depths:4)
  Menkaure (D:4)
  10 insubstantial wisps
  14 swamp worms
  3 wargs
  2 iron troll simulacra (IceCv)
  2 hydra simulacra (IceCv)
  4 harpy simulacra (IceCv)
  60 nagas
  A soldier ant (D:13)
  An acid dragon (D:12)
  8 water moccasins
  13 porcupines
  2 hell hounds (Orc:2)
  13 swamp drakes
  A floating eye (Depths:5)
  A black bear (shapeshifter) (Depths:2)
  45 orc warriors
  5 black bears
  A slave (D:6)
  An ettin simulacrum (IceCv)
  13 boggarts
  5 phantoms
  2 eyes of draining
  7 sky beasts
  3 alligator simulacra (IceCv)
  3 ice beasts
  37 centaurs
  A necrophage (D:8)
  A wolf (Vaults:3)
  34 ogres
  2 big kobolds (shapeshifter) (Vaults:3)
  11 crocodiles
  4 big kobolds
  A gnoll sergeant (D:6)
  15 bullfrogs
  6 earth elementals
  6 scorpions
  2 wyvern skeletons
  An elephant simulacrum (IceCv)
  32 killer bees
  An orc simulacrum (Vaults:1)
  3 electric eels (Lair:2)
  3 wights (D:14)
  8 howler monkeys
  8 crimson imps
  4 centaur zombies
  2 bullfrog zombies
  5 hounds
  2 quasits
  A draconian simulacrum (IceCv)
  A gnoll shaman (Orc:1)
  9 jellies
  Crazy Yiuf (D:6)
  20 orc priests
  An iron imp (Depths:1)
  18 orc wizards
  2 bullfrog skeletons
  6 iguanas
  4 hell rats (Lair:5)
  6 troll simulacra (IceCv)
  A spriggan simulacrum (IceCv)
  A polar bear simulacrum (IceCv)
  17 worker ants
  A wolf simulacrum (IceCv)
  3 centaur simulacra (IceCv)
  3 hound zombies
  A hound skeleton (D:5)
  A howler monkey zombie (D:5)
  2 worker ant zombies
  A howler monkey skeleton (D:4)
  11 gnolls
  2 ogre simulacra (IceCv)
  12 adders
  2 naga simulacra (IceCv)
  5 shadow imps
  5 white imps (IceCv)
  12 oozes
  8 ufetubi (IceCv)
  An adder zombie (D:5)
  An adder skeleton (D:9)
  2 worms
  2 dart slugs
  7 leopard geckos
  122 orcs
  4 giant cockroaches
  6 goblins
  10 hobgoblins
  12 jackals
  4 quokkas
  2 ball pythons
  9 bats
  4 frilled lizards
  A jackal skeleton (D:6)
  15 kobolds
  A quokka skeleton (D:4)
  5 rats
  2 crawling corpses (Elf:3)
  6 fungi
  7 plants
2477 creatures vanquished.

Vanquished Creatures (collateral kills)
  the Lernaean hydra (Swamp:4)
  2 hydras (Swamp:4)
  A moth of wrath (Zot:4)
4 creatures vanquished.

Vanquished Creatures (others)
  A tentacled monstrosity (Zot:3)
  5 Orb Guardians
  A quicksilver dragon (Zot:4)
  A tengu reaver (Vaults:1)
  2 nagarajas (Snake:4)
  A frost giant (Depths:3)
  A stone giant (Zot:3)
  An ironheart preserver (Vaults:4)
  A deep elf annihilator (Depths:3)
  A vampire knight (Depths:2)
  A purple draconian (Zot:1)
  2 yaktaur captains
  An ettin (Vaults:5)
  A rakshasa (Depths:3)
  A great orb of eyes (Depths:4)
  A hydra (Lair:3)
  2 anacondas
  An ogre mage (Vaults:4)
  A two-headed ogre (Vaults:4)
  A deep troll shaman (Depths:3)
  A deep troll earth mage (Depths:5)
  A small abomination (Depths:5)
  A deep elf archer (Elf:1)
  A phantasmal warrior (D:14)
  2 ugly things
  A deep elf mage (Vaults:3)
  A guardian serpent (Snake:4)
  A black mamba (Snake:4)
  A spriggan skeleton (Depths:3)
  A spiny frog (Swamp:3)
  3 yaktaurs
  A golden dragon simulacrum (IceCv)
  A troll (Zot:3)
  A hornet (Swamp:2)
  2 slime creatures
  A naga (Snake:4)
  A porcupine (Lair:1)
  An orc warrior (Vaults:4)
  A slave (D:7)
  An ogre (Zot:3)
  A boggart (Vaults:3)
  A crocodile (Lair:2)
  A bullfrog (Lair:1)
  A killer bee (Depths:4)
  An orc priest (Vaults:1)
  An iguana (D:12)
  A white imp (IceCv)
  An ufetubus (IceCv)
  3 orcs
  A kobold (D:13)
  2 briar patches (Swamp:3)
  61 fungi
  25 plants
151 creatures vanquished.

Grand Total: 2632 creatures vanquished

Notes
Turn   | Place    | Note
-------+----------+-------------------------------------------
     0 | D:1      | Bodigarde the Mummy Fighter began the quest for the Orb.
     0 | D:1      | Reached XP level 1. HP: 18/18 MP: 1/1
    15 | D:1      | Found a snail-covered altar of Cheibriados.
   127 | D:1      | Reached XP level 2. HP: 24/24 MP: 2/2
   853 | D:2      | Reached XP level 3. HP: 9/29 MP: 3/3
  1852 | D:3      | Reached XP level 4. HP: 35/35 MP: 4/4
  2788 | D:3      | Reached XP level 5. HP: 37/42 MP: 5/5
  3453 | D:4      | Noticed a sky beast
  3608 | D:4      | Reached skill level 4 in Fighting
  3757 | D:4      | Reached XP level 6. HP: 34/48 MP: 6/6
  4074 | D:4      | Noticed Menkaure
  4118 | D:3      | Killed a sky beast
  4347 | D:4      | Found Nilur's Magic Scroll Shop.
  4780 | D:4      | Bought a scroll of fear for 45 gold pieces
  4822 | D:4      | Killed Menkaure
  4822 | D:4      | Reached XP level 7. HP: 55/55 MP: 7/7
  4888 | D:4      | Found Xyes's Food Shoppe.
  5078 | D:5      | Entered Level 5 of the Dungeon
  5078 | D:5      | Noticed Eustachio
  5580 | D:5      | Reached skill level 5 in Fighting
  5580 | D:5      | Reached skill level 5 in Maces & Flails
  5627 | D:5      | Reached XP level 8. HP: 62/62 MP: 8/8
  6841 | D:5      | Killed Eustachio
  7328 | D:6      | Found a runed translucent door.
  7329 | D:6      | Noticed Crazy Yiuf
  7373 | D:6      | Killed Crazy Yiuf
  7509 | D:6      | Reached skill level 6 in Fighting
  7509 | D:6      | Reached skill level 5 in Armour
  7515 | D:6      | Reached skill level 5 in Shields
  7515 | D:6      | Reached XP level 9. HP: 46/69 MP: 9/9
  7966 | D:6      | Got a slimy scale mail
  8142 | D:6      | Found a stormy altar of Qazlal.
  9434 | D:7      | Found a staircase to the Ecumenical Temple.
  9440 | Temple   | Entered the Ecumenical Temple
  9453 | Temple   | Became a worshipper of Ru the Awakened
  9895 | D:7      | Noticed Pikel
 10044 | D:7      | Killed Pikel
 10376 | D:8      | Noticed a two-headed ogre
 10433 | D:8      | Killed a two-headed ogre
 10433 | D:8      | Reached skill level 7 in Fighting
 10433 | D:8      | Reached XP level 10. HP: 78/79 MP: 10/10
 10641 | D:8      | Identified the +2 scale mail of Mezcal {rC++} (You found it
                  | on level 6 of the Dungeon)
 10883 | D:8      | Gained mutation: You cannot train Dodging skill. [Ru
                  | sacrifice]
 10883 | D:8      | Reached * piety under Ru
 12578 | D:9      | Found Gatyl's Gadget Emporium.
 12885 | D:10     | Entered Level 10 of the Dungeon
 12902 | D:10     | Found a roughly hewn altar of Beogh.
 12902 | D:10     | Found a staircase to the Orcish Mines.
 12918 | D:9      | Reached skill level 8 in Fighting
 13762 | D:10     | Found a staircase to the Lair.
 13796 | D:10     | Reached XP level 11. HP: 83/86 MP: 11/11
 13891 | D:10     | Noticed a two-headed ogre
 13899 | D:10     | Noticed a two-headed ogre
 13933 | D:9      | Killed a two-headed ogre
 14329 | D:10     | Found Orphuaf's Gadget Shop.
 14352 | D:10     | Killed a two-headed ogre
 14559 | D:10     | Noticed a two-headed ogre
 14770 | D:10     | Gained mutation: You are somewhat inexperienced. (-2 XL)
                  | [Ru sacrifice]
 14770 | D:10     | Reached XP level 10. HP: 82/82 MP: 10/10
 14770 | D:10     | Reached XP level 9. HP: 75/75 MP: 9/9
 14770 | D:10     | Reached ** piety under Ru
 14770 | D:10     | Reached *** piety under Ru
 15056 | D:10     | Killed a two-headed ogre
 15301 | Lair:1   | Entered Level 1 of the Lair of Beasts
 15309 | Lair:1   | Reached skill level 10 in Maces & Flails
 15334 | Lair:1   | Noticed a rime drake
 15349 | Lair:1   | Killed a rime drake
 15349 | Lair:1   | Reached XP level 10. HP: 78/82 MP: 10/10
 15442 | Lair:1   | Reached skill level 9 in Fighting
 16705 | Lair:1   | Noticed a five-headed hydra
 16714 | Lair:1   | Killed a five-headed hydra
 16715 | Lair:1   | Noticed an eight-headed hydra
 16907 | Lair:1   | Reached XP level 11. HP: 73/89 MP: 11/11
 17548 | Lair:2   | Gained mutation: Your cowardice makes you less effective in
                  | combat with threatening monsters. [Ru sacrifice]
 17548 | Lair:2   | Reached **** piety under Ru
 17548 | Lair:2   | Reached ***** piety under Ru
 17844 | Lair:2   | Found a staircase to the Swamp.
 18480 | Lair:3   | Noticed an eight-headed hydra
 18491 | Lair:3   | Killed an eight-headed hydra
 18715 | Lair:3   | Noticed a five-headed hydra
 18722 | Lair:3   | Killed a five-headed hydra
 18757 | Lair:3   | Reached skill level 10 in Fighting
 19130 | Lair:3   | Found a staircase to the Snake Pit.
 19376 | Lair:3   | Found a shadowy altar of Dithmenos.
 19614 | Lair:3   | Reached XP level 12. HP: 85/97 MP: 12/12
 19941 | Lair:4   | Gained mutation: You take slightly more damage. (AC -5) [Ru
                  | sacrifice]
 19941 | Lair:4   | Reached ****** piety under Ru
 19964 | Lair:4   | Noticed a catoblepas
 19969 | Lair:4   | Noticed a death yak
 20000 | Lair:4   | Killed a catoblepas
 20035 | Lair:3   | Killed a death yak
 21022 | Lair:5   | Noticed a four-headed hydra
 21036 | Lair:5   | Killed a four-headed hydra
 21397 | Lair:5   | Noticed Rupert
 21414 | Lair:5   | Killed Rupert
 21512 | Lair:5   | Noticed an eight-headed hydra
 21520 | Lair:5   | Killed an eight-headed hydra
 21889 | Lair:6   | Entered Level 6 of the Lair of Beasts
 21904 | Lair:6   | Noticed a death yak
 21926 | Lair:5   | Killed a death yak
 22042 | Lair:6   | Noticed a death yak
 22042 | Lair:6   | Noticed a death yak
 22043 | Lair:6   | Noticed a death yak
 22056 | Lair:6   | Noticed a death yak
 22057 | Lair:6   | Killed a death yak
 22057 | Lair:6   | Killed a death yak
 22137 | Lair:6   | Noticed a death yak
 22150 | Lair:5   | Killed a death yak
 22171 | Lair:5   | Killed a death yak
 22171 | Lair:5   | Gained mutation: You are in touch with the powers of death.
                  | [Mummy growth]
 22171 | Lair:5   | Reached XP level 13. HP: 91/105 MP: 13/13
 22206 | Lair:6   | Reached skill level 11 in Fighting
 22510 | Lair:6   | Found a staircase to the Slime Pits.
 22517 | Lair:6   | Identified the +3 chain mail of Tomorrow {Str+2} (You found
                  | it on level 6 of the Lair of Beasts)
 22978 | Lair:6   | Found a runed translucent gate.
 22978 | Lair:6   | Found a runed translucent gate.
 22978 | Lair:6   | Found a runed translucent gate.
 22979 | Lair:6   | Noticed Qosk's ghost (journeyman GnTm)
 23456 | Lair:6   | Noticed a dire elephant
 23456 | Lair:6   | Noticed a dire elephant
 23460 | Lair:6   | Killed a dire elephant
 23467 | Lair:6   | Killed a dire elephant
 23473 | Lair:6   | Noticed a dire elephant
 23499 | Lair:6   | Killed a dire elephant
 23570 | Lair:6   | Noticed a dire elephant
 23595 | Lair:6   | Killed a dire elephant
 23683 | Lair:6   | Noticed a dire elephant
 23704 | Lair:6   | Killed a dire elephant
 23790 | Lair:6   | Noticed a dire elephant
 23813 | Lair:6   | Killed a dire elephant
 23813 | Lair:6   | Reached skill level 10 in Armour
 24063 | Orc:1    | Entered Level 1 of the Orcish Mines
 24121 | Orc:2    | Entered Level 2 of the Orcish Mines
 24150 | Orc:1    | Reached skill level 10 in Shields
 24367 | Orc:2    | Found Tacsom's Gadget Shoppe.
 24444 | Orc:2    | Found a staircase to the Elven Halls.
 24591 | Orc:2    | Noticed Azrael
 24617 | Orc:2    | Killed Azrael
 24904 | Orc:2    | Reached XP level 14. HP: 114/114 MP: 14/14
 25079 | Orc:2    | Reached skill level 12 in Fighting
 25282 | Orc:2    | Found Caipy's Distillery.
 25282 | Orc:2    | Found Gago's Antique Weapon Shoppe.
 25373 | Orc:2    | Found Coos's Food Shop.
 25373 | Orc:2    | Found Ycoruoh's Antique Weapon Shop.
 25735 | Orc:1    | Found Zuasisox's General Store.
 26348 | D:11     | Noticed Nergalle
 26369 | D:11     | Killed Nergalle
 26772 | D:11     | Found a roughly hewn altar of Beogh.
 27871 | D:12     | Found Ruf Suom's Assorted Antiques.
 27874 | D:12     | Bought a dented ruby amulet for 100 gold pieces
 28425 | D:13     | Found a blossoming altar of Fedhas.
 28829 | D:14     | Reached skill level 13 in Fighting
 28894 | D:14     | Noticed Nessos
 28902 | D:14     | Killed Nessos
 29068 | D:14     | Found a gate to the Vaults.
 29616 | D:14     | Identified the Disquisition on Ensnaring Unholy Arts
 29953 | D:15     | Entered Level 15 of the Dungeon
 29961 | D:15     | Reached XP level 15. HP: 123/124 MP: 15/15
 30169 | D:15     | Noticed Josephine
 30453 | D:14     | Killed Josephine
 31625 | D:15     | Found a staircase to the Depths.
 31941 | Snake:1  | Entered Level 1 of the Snake Pit
 32202 | Snake:1  | Reached skill level 14 in Fighting
 33239 | Snake:2  | Noticed a nagaraja
 33239 | Snake:2  | Noticed Aizul
 33561 | Snake:2  | Noticed Donald
 33583 | Snake:2  | Killed Donald
 33670 | Snake:2  | Reached XP level 16. HP: 111/134 MP: 16/16
 34561 | Snake:2  | Noticed Vashnia
 34658 | Snake:2  | Killed Vashnia
 34967 | Snake:2  | Killed Aizul
 35558 | Snake:3  | Identified a scroll of acquirement
 35562 | Snake:3  | Got a pitted hat
 35573 | Snake:3  | Identified the +1 hat "Ekevekil" {rF+ rCorr} (You acquired
                  | it on level 3 of the Snake Pit)
 35698 | Snake:3  | Reached skill level 15 in Fighting
 35901 | Snake:3  | Found Puammon's Book Shop.
 36328 | Snake:4  | Entered Level 4 of the Snake Pit
 36486 | Snake:4  | Noticed Louise
 36749 | Snake:4  | Killed Louise
 36966 | Snake:4  | Reached XP level 17. HP: 123/142 MP: 17/17
 38245 | Snake:4  | Got a serpentine rune of Zot
 38586 | Swamp:1  | Entered Level 1 of the Swamp
 39135 | Swamp:1  | Reached skill level 16 in Fighting
 41476 | Swamp:2  | Reached XP level 18. HP: 109/151 MP: 18/18
 41653 | Swamp:3  | Noticed execc's ghost (adept VSBe)
 41763 | Swamp:3  | Found a transporter.
 41781 | Swamp:3  | Found a frozen archway.
 41909 | IceCv    | Entered an ice cave
 42535 | IceCv    | Noticed an Ice Fiend
 42558 | IceCv    | Killed an Ice Fiend
 42722 | IceCv    | Identified Benudot's Catalogue of Cold and Dark Rites
 43169 | Swamp:3  | Found a transporter.
 43728 | Swamp:4  | Entered Level 4 of the Swamp
 44069 | Swamp:4  | Reached skill level 15 in Maces & Flails
 44279 | Swamp:4  | Noticed the 27-headed Lernaean hydra
 44292 | Swamp:4  | Killed the 27-headed Lernaean hydra
 44617 | Swamp:4  | Got a decaying rune of Zot
 45317 | Vaults:1 | Entered Level 1 of the Vaults
 45592 | Vaults:1 | You fall into a shaft and drop 1 floor!
 46238 | Vaults:2 | Reached skill level 17 in Fighting
 46388 | Vaults:2 | Reached XP level 19. HP: 138/161 MP: 19/19
 46584 | Vaults:2 | Found Goqy's Distillery.
 46710 | Vaults:2 | Identified the amulet of Docwus {Spirit rF+ MR+ Int+2
                  | Stlth+}
 46956 | Vaults:2 | Found Gerulu's Armour Shoppe.
 46960 | Vaults:2 | Bought the +11 plate armour of the Moon {rC+ MP+9 Int+6}
                  | for 1740 gold pieces
 47815 | Vaults:1 | Found Entoiv's Antique Weapon Emporium.
 48039 | Vaults:1 | Reached skill level 15 in Armour
 48138 | Vaults:1 | Reached skill level 15 in Shields
 49162 | Vaults:2 | Found Ehuabire's Antique Weapon Shoppe.
 49163 | Vaults:2 | Found Pumeig's Antique Weapon Shoppe.
 49855 | Vaults:3 | Found a staircase to the Crypt.
 50058 | Vaults:3 | Reached XP level 20. HP: 111/170 MP: 20/20
 50337 | Vaults:3 | Reached skill level 18 in Fighting
 52217 | Vaults:4 | Found Dirr's Food Shoppe.
 52606 | Vaults:4 | Found Paug's Magic Scroll Shop.
 52614 | Vaults:4 | Bought a scroll of enchant weapon for 157 gold pieces
 52753 | Vaults:4 | Found Fashrumat's Magic Scroll Shop.
 52761 | Vaults:4 | Bought a scroll of enchant weapon for 82 gold pieces
 52761 | Vaults:4 | Bought a scroll of summoning for 104 gold pieces
 54270 | Depths:1 | Entered Level 1 of the Depths
 54791 | Depths:1 | You fall into a shaft and drop 1 floor!
 54793 | Depths:2 | Found Lops's Weapon Shoppe.
 54829 | Depths:2 | Found Nyicucs's Antique Weapon Emporium.
 54830 | Depths:2 | Found Syobotha's Book Shoppe.
 55186 | Depths:1 | Found a gateway to Hell.
 55330 | Depths:1 | Reached skill level 19 in Fighting
 55369 | Depths:1 | Reached XP level 21. HP: 172/180 MP: 21/21
 55521 | Depths:1 | Identified the Tome of Attacks and Weightlessness
 55635 | Depths:1 | Found a radiant altar of Vehumet.
 56231 | Depths:2 | Identified the +12 crystal plate armour of the Lost Path
                  | {Str+4} (You found it on level 2 of the Depths)
 56235 | Depths:2 | Identified the Incunabulum of Weightlessness and Envenoming
 56861 | Depths:2 | Noticed the Enchantress
 56890 | Depths:2 | Identified the +10 battleaxe of Urhur {pain, rElec rC- rN+
                  | Dex+2}
 56919 | Depths:2 | Killed the Enchantress
 57396 | Depths:2 | Found a one-way gate to the infinite horrors of the Abyss.
 58051 | Depths:3 | Noticed a golden dragon
 58071 | Depths:3 | Killed a golden dragon
 58091 | Depths:3 | Identified the +2 pearl dragon scales of Lugonu's Regard
                  | {rN+ MR- Regen+ Dex+4 Stlth+} (You found it on level 3 of
                  | the Depths)
 58551 | Depths:3 | Found Kofroky's Jewellery Boutique.
 58552 | Depths:3 | Found Fykhlil Kuch's Gadget Emporium.
 58552 | Depths:3 | Found Agoafia's Gadget Emporium.
 59463 | Depths:3 | Reached skill level 20 in Fighting
 59753 | Depths:3 | Reached XP level 22. HP: 181/190 MP: 22/22
 60037 | Depths:3 | Noticed a juggernaut
 60069 | Depths:3 | Killed a juggernaut
 60254 | Depths:3 | Identified the cursed +1 morningstar of Jilerag {flame,
                  | rF+}
 60676 | Depths:3 | Found a one-way gate leading to the halls of Pandemonium.
 60956 | Depths:4 | Noticed Frederick
 61064 | Depths:4 | Found a runed translucent door.
 61069 | Depths:4 | Noticed a juggernaut
 61156 | Depths:4 | Noticed a golden dragon
 61170 | Depths:4 | Killed a golden dragon
 61842 | Depths:4 | Noticed a golden dragon
 61843 | Depths:4 | a golden dragon changed into an iron dragon
 61843 | Depths:4 | Noticed Jory
 62016 | Depths:4 | Killed Frederick
 62598 | Depths:4 | Killed Jory
 62615 | Depths:4 | Noticed a golden dragon
 62621 | Depths:4 | Noticed a juggernaut
 62991 | Depths:4 | Killed a golden dragon
 63381 | Depths:4 | Killed a juggernaut
 63381 | Depths:4 | Reached skill level 21 in Fighting
 63381 | Depths:4 | Reached XP level 23. HP: 114/200 MP: 15/23
 63615 | Depths:4 | Killed a juggernaut
 63733 | Depths:4 | Identified the +7 plate armour of Beauty {rN+ Str+4 Dex+3}
 63809 | Depths:4 | Found a gateway to a ziggurat.
 63855 | Depths:4 | Identified the +1 pair of boots of Tender Moments {MP+9}
                  | (You found it on level 4 of the Depths)
 63986 | Depths:4 | Identified the +2 shield "Zoceapu" {Dex+2} (You found it on
                  | level 4 of the Depths)
 64231 | Depths:5 | Entered Level 5 of the Depths
 64231 | Depths:5 | Noticed a juggernaut
 64459 | Depths:3 | Noticed a juggernaut
 64480 | Depths:3 | Killed a juggernaut
 64900 | Depths:4 | Noticed a juggernaut
 64917 | Depths:4 | Killed a juggernaut
 65479 | Depths:5 | Found a gate to the Realm of Zot.
 65975 | Depths:5 | Paralysed by a floating eye for 2 turns
 66567 | Depths:5 | Killed a juggernaut
 67109 | Vaults:4 | Bought a scroll of enchant armour for 157 gold pieces
 67142 | Vaults:5 | Entered Level 5 of the Vaults
 67196 | Vaults:5 | Reached XP level 24. HP: 172/210 MP: 23/23
 67447 | Vaults:5 | Reached skill level 22 in Fighting
 68763 | Vaults:5 | Found Zahoalo's Magic Scroll Emporium.
 68775 | Vaults:5 | Found Vajoilul's Distillery.
 68875 | Vaults:5 | Found Etiuceef's Food Boutique.
 68928 | Vaults:5 | Noticed an ancient lich
 68945 | Vaults:5 | Killed an ancient lich
 69509 | Vaults:5 | Identified the +4 dagger "Menuxt" {elec, *Corrode +Inv rF+
                  | Dex+4}
 69550 | Vaults:5 | Reached XP level 25. HP: 219/219 MP: 23/23
 69719 | Vaults:5 | Got a silver rune of Zot
 70431 | Elf:1    | Entered Level 1 of the Elven Halls
 70520 | Elf:1    | Reached skill level 23 in Fighting
 71636 | Elf:2    | Found Puat's Food Shoppe.
 71656 | Elf:2    | Found a runed translucent gate.
 71656 | Elf:2    | Found a runed translucent gate.
 71657 | Elf:2    | Found a runed translucent gate.
 72237 | Elf:3    | Entered Level 3 of the Elven Halls
 72517 | Elf:3    | Noticed Bai Suzhen
 72540 | Elf:3    | Killed Bai Suzhen
 73230 | Elf:3    | Identified the +7 halberd "Meusch" {chop, Int+3 Dex+6}
 73392 | Elf:3    | Identified the +2 leather armour of Kuile {rPois Regen+
                  | rCorr Str+2}
 73645 | Elf:3    | Identified the +9 scimitar "Iplasa" {elec, rElec}
 73645 | Elf:3    | Identified the ring "Geatount" {rPois rF+ Int+4}
 73676 | Elf:3    | Identified the +7 war axe "Feumniol" {chop, +Inv MR++
                  | Str+2}
 73926 | Elf:3    | Identified the +3 plate armour of Wasted Space {Slay+5}
 73975 | Elf:3    | Identified the ring "Nankuss" {*Corrode rF+ MR+ Int+5}
 74042 | Elf:3    | Identified the Papyrus of Hexes and Attacks
 74093 | Elf:3    | Identified the Catalogue of Air and Sinister Arts
 74109 | Elf:3    | Identified the Handbook of the Helpful Birds
 74549 | Zot:1    | Entered Level 1 of the Realm of Zot
 76251 | Zot:2    | Reached skill level 24 in Fighting
 77361 | Zot:3    | Noticed a Killer Klown
 77380 | Zot:3    | Killed a Killer Klown
 77631 | Zot:3    | Noticed a Killer Klown
 77675 | Zot:2    | Killed a Killer Klown
 80473 | Zot:4    | Reached skill level 25 in Fighting
 80765 | Zot:5    | Entered Level 5 of the Realm of Zot
 81226 | Zot:5    | Noticed an ancient lich
 81235 | Zot:5    | Killed an ancient lich
 81235 | Zot:5    | Noticed an orb of fire
 81263 | Zot:5    | Killed an orb of fire
 81290 | Zot:5    | Noticed a Killer Klown
 81454 | Zot:5    | Killed a Killer Klown
 81532 | Zot:5    | Noticed a Killer Klown
 81549 | Zot:5    | Killed a Killer Klown
 81549 | Zot:5    | Noticed a Killer Klown
 81562 | Zot:5    | Killed a Killer Klown
 81663 | Zot:5    | Noticed a Killer Klown
 81718 | Zot:5    | Killed a Killer Klown
 81924 | Zot:5    | Noticed an ancient lich
 82042 | Zot:5    | Noticed a Killer Klown
 82045 | Zot:5    | Noticed a Killer Klown
 82046 | Zot:5    | Killed an ancient lich
 82071 | Zot:4    | Killed a Killer Klown
 82115 | Zot:4    | Killed a Killer Klown
 82298 | Zot:5    | Noticed an ancient lich
 82312 | Zot:5    | Killed an ancient lich
 82350 | Zot:5    | Noticed an orb of fire
 82412 | Zot:5    | Killed an orb of fire
 83001 | Zot:5    | Noticed a Killer Klown
 83002 | Zot:5    | Noticed a Killer Klown
 83036 | Zot:4    | Killed a Killer Klown
 83042 | Zot:5    | Noticed a Killer Klown
 83107 | Zot:4    | Killed a Killer Klown
 83129 | Zot:5    | Killed a Killer Klown
 83202 | Zot:5    | Noticed a Killer Klown
 83225 | Zot:5    | Killed a Killer Klown
 84852 | Zot:5    | Got the Orb of Zot
 85418 | D:4      | Noticed Ahuorar the pandemonium lord
 85552 | D:$      | Escaped with the Orb!

Levels and vault maps discovered:
D:1:      dpeg_arrival_rooms_with_view, layout_basic, cheibriados_altar_1
D:2:      layout_rooms
D:3:      layout_basic, first_ration, kennysheep_potato
D:4:      layout_cave_pools, serial_shops, shop, shop, uniq_menkaure
D:5:      layout_basic, hangedman_decor_lopped, kennysheep_generic_room_4,
          uniq_eustachio
D:6:      hangedman_cross_stitches, layout_layer_cave, grunt_qazlal_clouds,
          uniq_crazy_yiuf_cottage
D:7:      layout_loops_corners, minmay_temple_entry_hall, minmay_misc_feat_chi,
          minmay_stone_trees_small, uniq_pikel
D:8:      layout_layer_cave, grunt_livestock, minivault_27
D:9:      layout_basic, serial_shops, kennysheep_mini_moat
D:10:     kennysheep_ambush_hall, layout_basic, due_lair_maze_entry_diamond,
          david_orc_5, serial_shops, nicolae_shop_crystal
D:11:     layout_roguey, special_room [special_room_orc], uniq_nergalle
D:12:     layout_basic, serial_shops, nicolae_shop_behind_doors
D:13:     layout_cave_pools, fedhas_altar_3
D:14:     layout_stronghold, erik_vaults_1, kennysheep_pointless_box,
          minivault_7, uniq_nessos
D:15:     grunt_enter_depths_hoard, layout_layer_cave, uniq_josephine
Temple:   regret_index_temple_sigil_plot
Lair:1:   layout_misc_corridors
Lair:2:   layout_layer_cave, swamp_mist, chequers_serial_rivers_marsh,
          serial_bayou_ford_a, lemuel_fruit_fields, serial_bayou_shore_a,
          lemuel_fruit_tree, grunt_megastairs_1
Lair:3:   lemuel_slime, layout_chaotic_city, minmay_snake_entry_guardpost_small,
          lemuel_centaur_altar
Lair:4:   layout_misc_corridors, nicolae_lair_yak_garden, lemuel_fruit_fields,
          minmay_lair_oklob_chamber
Lair:5:   layout_gridlike, uniq_rupert
Lair:6:   due_jungle_book, layout_loops_ring, minmay_slime_entry_oklob_open,
          gammafunk_ghost_hydra_chop, lemuel_fruit_fields
Swamp:1:  layout_falls_marsh, hangedman_swamp_ruin_wall
Swamp:2:  nicolae_swamp_phyte_club, layout_falls_marsh,
          evilmike_swamp_ruin_rubble_2, lightli_tree_ring
Swamp:3:  layout_falls_marsh, portal_ice_cave_entry_pillars_1,
          gammafunk_ghost_mausoleum, evilmike_swamp_ruin_house_4,
          infiniplex_staircase_pool_2
Swamp:4:  swamp_old_school, layout_basic_swamp
Snake:1:  layout_onion, dpeg_stationary_puzzle
Snake:2:  layout_chambers, uniq_aizul, uniq_donald, uniq_vashnia
Snake:3:  layout_rooms, serial_shops, shop
Snake:4:  grunt_snake_rune_pools, layout_onion, st_stairs_14, drop_trap,
          uniq_louise
Orc:1:    layout_diamond_mine, serial_shops, shop_fountains
Orc:2:    st_orc_elflike, layout_diamond_mine, serial_shops,
          nicolae_shop_crystal, uniq_azrael
Elf:1:    eino_elf_arrival_the_gate, layout_gridlike, minivault_28
Elf:2:    layout_gridlike, serial_shops, shop
Elf:3:    elf_hall_gauntlet_narrow, layout_geoelf_grid, uniq_bai_suzhen
Vaults:1: nicolae_vaults_rhombus_7, hangedman_vaults_unwind,
          nicolae_vaults_diagonal_hallway_6, ontoclasm_vaults_water_temple,
          v_alt_pattern_6, v_pattern_2, vaults_mumra_minichess_inversion,
          vaults_room_fancy_cross, nicolae_vaults_three_branches,
          nicolae_vaults_back_hallway, v_misc_31,
          nicolae_vaults_little_squares_3, vaults_mumra_chevron,
          ontoclasm_vaults_fault, grunt_vaults_diagonal, vaults_dpeg_hooks,
          nicolae_vaults_diagonal_hallway_7, layout_vaults_ring, serial_shops,
          nicolae_shop_waterfront
Vaults:2: hangedman_vaults_locks, v_misc_16, nicolae_vaults_know_your_exits,
          vaults_room_door_ring, nicolae_vaults_little_squares_5,
          nicolae_vaults_shelves_hall, nicolae_vaults_little_squares_6,
          ontoclasm_vaults_loading_screen, layout_vaults_quadrants,
          serial_shops, shop, shop, shop_statue, shop
Vaults:3: v_misc_1, nicolae_vaults_shelves_hall, hangedman_vaults_nodes,
          ontoclasm_vaults_ring_large, v_misc_3, vaults_standard_mumra_x,
          v_misc_23, minmay_crypt_entry_simple_sparse, vaults_room_pool,
          vaults_room_door_ring, hangedman_vaults_cutoff,
          hangedman_vaults_impose, serial_ice_h, st_quartered_hall,
          vaults_room_semicircle, layout_vaults_omnibox
Vaults:4: v_misc_19, v_misc_27, hangedman_vaults_trim, v_misc_8,
          vaults_room_fours, v_misc_5, grunt_vaults_hallway_short,
          nicolae_vaults_yaktaur_gun_rack, layout_vaults_chaotic_city,
          serial_shops, nicolae_shop_crystal, shop,
          nicolae_shop_temple_entry_statues_fountains
Vaults:5: serial_shops
Depths:1: layout_cave_pools, grunt_hell_entry_dis_mu,
          serial_sigils_hangedman_gnaw, skrybe_limestone_x,
          minmay_variable_closet, lemuel_statue_altar
Depths:2: minmay_fractal_lines_corner, layout_cave_shapes, hell_entry,
          abyss_entry_crystal, kennysheep_cross_landing, minmay_shop_star,
          uniq_enchantress
Depths:3: minmay_nested_s, layout_small_grid, rand_demon_pan_entry_9,
          hell_entry, nicolae_two_hexagons, minmay_shop_grove,
          infiniplex_staircase_door_maze, serial_bayou_shore_b,
          serial_bayou_shore_b
Depths:4: box_level_dp, hell_entry, abyss_entry, uniq_jory, uniq_frederick
Depths:5: evilmike_zot_entry_diamond, layout_cave_pools,
          pf_hell_entry_great_geh, rand_demon_pan_entry_8,
          hangedman_glass_teeth, roderic_filled_cross
Zot:1:    layout_onion_interference
Zot:2:    layout_twisted_circle
Zot:3:    lemuel_halls_of_wrath, layout_concentric_octagons, grunt_megastairs_2
Zot:4:    layout_onion_interference
Zot:5:    layout_cathedral_of_symmetry

Skill      XL: |  1  2  3  4  5  6  7  8  9 10 11 12 13 14 15 16 17 18 19 20 21 22 23 24 25 |
---------------+----------------------------------------------------------------------------+-----
Maces & Flails | 2 3 4 5 6 10 9 11 12 13 14 15 16 | 16.0
Armour         | 3 4 5 6 8 9 10 11 12 13 14 15 16 17 18 19 22 | 22.6
Shields        | 3 4 5 6 8 9 10 11 12 13 14 15 16 17 18 19 22 | 22.6
Fighting       | 4 5 6 7 9 10 11 13 14 15 16 17 19 20 21 22 25 | 25.9

Action                   |  1- 3 |  4- 6 |  7- 9 | 10-12 | 13-15 | 16-18 | 19-21 | 22-24 | 25-27 || total
-------------------------+-------+-------+-------+-------+-------+-------+-------+-------+-------++-------
Melee: Flail             |   151 |   200 |   462 |    19 |       |       |       |       |       ||   832
       Whip              |       |       |   115 |  1289 |   222 |       |       |       |       ||  1626
       Demon whip        |       |       |       |       |  1325 |  2126 |  2389 |  1973 |  2327 || 10140
       Eveningstar       |       |       |       |       |       |     2 |    10 |   217 |   116 ||   345
Throw: Stone             |    15 |    13 |    11 |     7 |       |       |       |       |       ||    46
       Dart              |       |       |     4 |    21 |    18 |       |       |       |       ||    43
       Javelin           |       |       |     2 |     8 |     4 |       |       |       |       ||    14
       Boomerang         |       |       |       |     7 |     9 |    34 |     6 |    15 |    24 ||    95
Invok: Sacrifice Experie |       |       |     1 |       |       |       |       |       |       ||     1
       Sacrifice Nimblen |       |       |       |     1 |       |       |       |       |       ||     1
       Sacrifice Courage |       |       |       |     1 |       |       |       |       |       ||     1
       Apocalypse        |       |       |       |     4 |    12 |     6 |     2 |     5 |     6 ||    35
       Sacrifice Health  |       |       |       |     1 |       |       |       |       |       ||     1
       Draw Out Power    |       |       |       |       |     1 |       |       |       |     3 ||     4
Evoke: Wand              |       |       |     6 |    17 |     1 |    13 |       |     2 |     1 ||    40
       Phantom mirror    |       |       |       |       |       |     1 |       |       |       ||     1
       Lamp of fire      |       |       |       |       |       |       |     2 |       |     1 ||     3
       Fan of gales      |       |       |       |       |       |       |     1 |       |       ||     1
       Lightning rod     |       |       |       |       |       |       |       |       |     1 ||     1
       Phial of floods   |       |       |       |       |       |       |       |       |     1 ||     1
  Use: Scroll            |     6 |     2 |     1 |     8 |    18 |    10 |    11 |    10 |    12 ||    78
 Stab: Paralysed         |       |       |     6 |    12 |    21 |    13 |     7 |    11 |    30 ||   100
       Invisible         |       |       |       |     5 |    20 |    26 |    11 |     7 |    11 ||    80
       Distracted        |       |       |       |     4 |     6 |     7 |     7 |     8 |    13 ||    45
       Petrified         |       |       |       |     8 |       |       |       |       |       ||     8
       Confused          |       |       |       |       |       |     1 |       |       |       ||     1
       Held in net/web   |       |       |       |       |       |       |       |     2 |       ||     2
Armor: Scale mail        |    68 |    66 |   208 |     5 |       |       |       |       |       ||   347
       Plate armour      |       |       |    14 |   323 |   373 |   487 |   384 |       |       ||  1581
       Crystal plate arm |       |       |       |       |       |       |   138 |   591 |   449 ||  1178
Dodge: Dodged            |    41 |    34 |   131 |   142 |   173 |   145 |   165 |   115 |   121 ||  1067
Block: Shield            |    76 |   108 |   297 |   445 |   539 |       |       |       |       ||  1465
       Large shield      |       |       |       |       |    35 |  1202 |  1273 |  1375 |  1562 ||  5447
